 Dungeon Crawl Stone Soup version 0.26.0-10-g1f06aea511 (webtiles) character file.

Game seed: 9743194392273460830

1353 EnegeticOcto the Grappler (level 8, -8/81 HPs)
             Began as a Troll Fighter on Jan 14, 2021.
             Was a Believer of Okawaru.
             Killed from afar by a steam dragon (16 damage)
             ... with a ball of steam
             ... on level 7 of the Dungeon.
             The game lasted 00:09:11 (1749 turns).

EnegeticOcto the Grappler (Troll Fighter)           Turns: 1749, Time: 00:09:11

Health: -8/81      AC:  6    Str: 27    XL:     8   Next: 37%
Magic:  7/7        EV:  8    Int:  4    God:    Okawaru [**....]
Gold:   327        SH:  9    Dex:  9    Spells: 7/7 levels left

rFire    . . .     SeeInvis .     - Unarmed
rCold    . . .     Faith    .   b - +0 kite shield
rNeg     . . .     Spirit   .   a - +0 robe
rPois    .         Reflect  .   (helmet restricted)
rElec    .         Harm     .   (no cloak)
rCorr    .         Rampage  .   (gloves unavailable)
Will     .....                  (boots unavailable)
Stlth    +.........             (no amulet)
HPRegen  0.63/turn              (no ring)
MPRegen  0.10/turn              (no ring)

@: no status effects
A: large, unfitting armour, claws 3, regeneration 1, shaggy fur 1, tough skin 3
a: Renounce Religion, Heroism


You were on level 7 of the Dungeon.
You worshipped Okawaru.
Okawaru was pleased with you.
You visited 2 branches of the dungeon, and saw 9 of its levels.
You also visited: Sewer.

You collected 327 gold pieces.

Inventory:

Armour
 a - a +0 robe (worn)
 b - a +0 kite shield (worn)
Wands
 e - a wand of iceblast (8) {@v2}
Scrolls
 d - 4 scrolls of identify {@r1}
 h - a scroll of fear
 i - a scroll of remove curse {@r2}
 j - a scroll of silence
 k - a scroll of teleportation {@r3}
Potions
 c - a potion of might {@q3}
 f - 2 potions of haste {@q4}
 g - a potion of curing {@q1}


   Skills:
 + Level 5.4 Fighting
 - Level 2.4 Dodging
 - Level 2.4 Shields
 * Level 8.7 Unarmed Combat


You had 7 spell levels left.
You didn't know any spells.
Your spell library was empty.

Dungeon Overview and Level Annotations

Branches:
Dungeon (8/15)             Temple (1/1) D:5           Sewer (visited)
   Lair: D:8-11

Altars:
Ashenzari
Dithmenos
Fedhas
Hepliaklqana
Kikubaaqudgha
Nemelex Xobeh
Okawaru
Ru
Sif Muna
Trog
Yredelemnul
Zin
The Shining One


Innate Abilities, Weirdness & Mutations

You are too large for most types of armour.
You have claws for hands.
Your natural rate of healing is unusually fast.
You are covered in fur. (AC +1)
You have extremely tough skin. (AC +3)


Message History

The sky beast is heavily wounded.
The sky beast hits you but does no damage.
You closely miss the sky beast.
The sky beast is heavily wounded.
You block the sky beast's attack.
You mangle the sky beast!!
You kill the sky beast!
Okawaru accepts your kill.
Your life force feels restored.
You miss something. You closely miss something.
Something hits you but does no damage.
You claw something! Something hits you but does no damage.
You claw something! Something hits you but does no damage.
You closely miss something.
A sky beast appears from thin air!
Reactivating autopickup.
You block the sky beast's attack.
You miss the sky beast.
The sky beast is almost dead.
The sky beast closely misses you.
You claw the sky beast!
You kill the sky beast!
Okawaru accepts your kill.
Things that are here:
a sky beast corpse; a sky beast corpse
There is a stone staircase leading down here.
You climb downwards.
You block the hound's attack. The hound bites you.
There is a stone staircase leading up here.
You block the hound's attack. The orc hits you but does no damage.
You climb upwards.
An adder comes into view.
There is a stone staircase leading down here.
You miss the hound.
The adder hisses angrily.
You block the hound's attack. x2; The orc barely misses you.
You scratch the hound but do no damage. The hound closely misses you.
The orc barely misses you.
You mangle the hound!!
You kill the hound!
Okawaru accepts your kill. The orc hits you.
You barely miss the orc. The orc hits you.
You scratch the orc.
The orc is heavily wounded.
The orc hits you but does no damage.
You claw the orc!
You kill the orc!
Okawaru accepts your kill. The adder bites you but does no damage.
You block the adder's attack.
You barely miss the adder. The adder bites you but does no damage.
You claw the adder!
You kill the adder!
Okawaru accepts your kill.
No target in view!
You climb downwards.
The orc barely misses you. The orc hits you with a +0 club.
The steam dragon breathes steam at you. The ball of steam hits you!
You block the orc's attack.
You hear two shouts!
You hear an angry hiss.
There is a stone staircase leading up here.
You are engulfed in a cloud of scalding steam.
You block the orc's attack. x2; The steam dragon bites you!
* * * LOW HITPOINT WARNING * * *
The steam dragon claws you but does no damage.
You climb upwards.
There is a stone staircase leading down, spattered with blood here.
You completely miss the steam dragon. You block the orc's attack.
The orc hits you but does no damage.
You completely miss the steam dragon. The steam dragon barely misses you.
You block the steam dragon's attack. The orc hits you but does no damage.
Your shield prevents you from hitting the steam dragon.
The orc hits you but does no damage. The steam dragon bites you.
* * * LOW HITPOINT WARNING * * *
You block the steam dragon's attack. The orc closely misses you.
You claw the steam dragon!
The steam dragon is moderately wounded.
The orc hits you with a +0 dagger.
* * * LOW HITPOINT WARNING * * *
The steam dragon bites you but does no damage.
The steam dragon claws you but does no damage.
You closely miss the steam dragon.
The steam dragon is moderately wounded.
You block the orc's attack. The orc hits you but does no damage.
The steam dragon bites you.
* * * LOW HITPOINT WARNING * * *
The steam dragon completely misses you.
You barely miss the steam dragon.
The steam dragon is moderately wounded.
The orc hits you but does no damage. x2; You block the steam dragon's attack.
The steam dragon closely misses you.
You claw the steam dragon!
The steam dragon is heavily wounded.
You block the orc's attack. x2; The steam dragon bites you!
* * * LOW HITPOINT WARNING * * *
The steam dragon barely misses you.
You scratch the steam dragon.
The steam dragon is heavily wounded.
You block the orc's attack. x2
The steam dragon breathes steam at you. The ball of steam hits you!
You die...

.... #.#######.# ....
#.......#.# ...♣
#.....#.#.# ...♣♣
#...#.#.#.#
....♣♣♣♣♣#...#.#.#.#
.............#.#.#.#
###..........'.#.#)#
###..........###o#)###
..'............D@o...#
.##...........##†#.#.#
.#########.##.##.#.#.#
.# #.##.##.#.# # .#
#.##....... ##
#.######### #.# ###
#.# ..###### #.#


You could see a steam dragon (catching breath) and 2 orcs.

Vanquished Creatures
  An orc warrior (D:6)
  2 ice beasts
  3 sky beasts
  A centaur (D:7)
  3 bullfrogs
  A scorpion (D:7)
  An orc priest (D:6)
  A centaur skeleton (D:7)
  A hound (D:7)
  A centaur zombie (D:8)
  A worker ant (D:4)
  A worker ant zombie (D:5)
  4 gnolls (D:2)
  7 adders
  A river rat (D:4)
  A shadow imp (D:5)
  2 white imps
  3 ufetubi
  14 oozes
  An adder skeleton (D:7)
  2 worms (D:2)
  2 dart slugs
  9 leopard geckos
  7 orcs
  3 bats
  15 giant cockroaches
  2 goblins
  2 hobgoblins
  2 jackals
  11 ball pythons
  16 frilled lizards
  2 kobolds (D:1)
  6 rats
  A toadstool (D:1)
130 creatures vanquished.

Vanquished Creatures (others)
  3 fungi (D:1)
  A plant (D:1)
  3 toadstools (D:1)
7 creatures vanquished.

Grand Total: 137 creatures vanquished

Notes
Turn   | Place    | Note
-------+----------+-------------------------------------------
     0 | D:1      | EnegeticOcto the Troll Fighter began the quest for the Orb.
     0 | D:1      | Reached XP level 1. HP: 22/22 MP: 0/0
   113 | D:1      | Reached XP level 2. HP: 29/29 MP: 1/1
   230 | D:2      | Reached skill level 3 in Unarmed Combat
   241 | D:2      | Reached XP level 3. HP: 23/36 MP: 2/2
   265 | D:2      | Reached XP level 4. HP: 27/45 MP: 3/3
   354 | D:2      | Found a shadowy altar of Dithmenos.
   356 | D:2      | You fall into a shaft and drop 2 floors!
   429 | D:4      | Reached skill level 4 in Unarmed Combat
   537 | D:4      | Found a glowing drain.
   546 | D:4      | Reached XP level 5. HP: 49/53 MP: 4/4
   567 | Sewer    | Entered a sewer
   672 | Sewer    | Reached skill level 5 in Unarmed Combat
   805 | Sewer    | Reached XP level 6. HP: 62/62 MP: 5/5
   850 | D:5      | Entered Level 5 of the Dungeon
   855 | D:5      | Noticed an ice beast
   889 | D:5      | Killed an ice beast
   890 | D:5      | Reached skill level 6 in Unarmed Combat
   979 | D:4      | Reached XP level 7. HP: 39/70 MP: 6/6
  1009 | D:5      | Found a staircase to the Ecumenical Temple.
  1020 | Temple   | Entered the Ecumenical Temple
  1218 | Temple   | Became a worshipper of the Shining One
  1239 | Temple   | Fell from the grace of the Shining One
  1239 | Temple   | Became a worshipper of Warmaster Okawaru
  1461 | D:6      | Reached skill level 7 in Unarmed Combat
  1530 | D:7      | Reached * piety under Okawaru
  1587 | D:7      | Reached skill level 5 in Fighting
  1587 | D:7      | Reached XP level 8. HP: 67/80 MP: 7/7
  1651 | D:7      | Found a blossoming altar of Fedhas.
  1670 | D:7      | Reached skill level 8 in Unarmed Combat
  1732 | D:7      | Reached ** piety under Okawaru
  1749 | D:7      | Killed from afar by a steam dragon

Illustrated notes

Levels and vault maps discovered:
D:1:      roderic_crop_circles_arrival_small, layout_rooms,
          minmay_gold_behind_fungi, minmay_pentomino_r4
D:2:      layout_rooms, old_standard_altar
D:3:      layout_basic, eat_drink_and_be_merry_uskayaw, grunt_ministairs_7,
          uniq_robin, uniq_sigmund
D:4:      layout_loops_ring, grunt_qazlal_clouds, serial_shops, shop,
          portal_sewer_entry_b
D:5:      layout_basic, minmay_temple_entry_glassed_door,
          kennysheep_generic_room_8
D:6:      layout_basic
D:7:      layout_basic, lemuel_round_altar, fedhas_altar_fruit_tree,
          chequers_temple_overflow_minitemple, nemelex_spade_bored_becter
D:8:      layout_loops_cross, ebering_ghost_gozag, hangedman_misty_isle
Temple:   minmay_temple_forest_path

Skill      XL: |  1  2  3  4  5  6  7  8 |
---------------+-------------------------+-----
Unarmed Combat | 3 4 5 6 7 8 |  8.7
Fighting       | 3 4 5 |  5.4
Dodging        | |  2.4
Shields        | |  2.4

Action                   |  1- 3 |  4- 6 |  7- 9 || total
-------------------------+-------+-------+-------++-------
Melee: Unarmed           |    59 |   214 |   120 ||   393
  Use: Scroll            |       |     9 |     1 ||    10
Armor: Robe              |    13 |    90 |    42 ||   145
Dodge: Dodged            |    13 |    66 |    29 ||   108
Block: Kite shield       |    23 |    96 |    57 ||   176
